 Dungeon Crawl Stone Soup version 0.22-b1-26-g9dbaab1 (webtiles) character file.

77 Goblin1989 the Shield-Bearer (level 4, -1/41 HPs)
             Began as a Gnoll Fighter on Aug 6, 2018.
             Slain by an orc
             ... wielding a +1 trident of protection
              (6 damage)
             ... on level 2 of the Dungeon.
             The game lasted 00:02:43 (779 turns).

Goblin1989 the Shield-Bearer (Gnoll Fighter)         Turns: 779, Time: 00:02:43

Health: -1/41      AC:  7    Str: 23    XL:     4   Next: 33%
Magic:  2/5        EV:  9    Int: 11    God:
Gold:   81         SH: 11    Dex: 15    Spells: 5/5 levels left

rFire    . . .     SeeInvis .   a - +0 war axe
rCold    . . .     Gourm    .   c - +0 shield
rNeg     . . .     Faith    .   b - +0 scale mail
rPois    .         Spirit   .   (no helmet)
rElec    .         Reflect  .   (no cloak)
rCorr    .         Harm     .   (no gloves)
MR       .....                  (no boots)
Stlth    ..........             (no amulet)
HPRegen  0.13/turn              (no ring)
MPRegen  0.09/turn              (no ring)

@: mighty
A: distributed training, fangs 1, strong nose
a: no special abilities


You were on level 2 of the Dungeon.
You were not hungry.

You visited 1 branch of the dungeon, and saw 2 of its levels.

You collected 81 gold pieces.

Inventory:

Hand Weapons
 a - a +0 war axe (weapon)
 j - a cursed -2 whip
Armour
 b - a +0 scale mail (worn)
 c - a +0 shield (worn)
Scrolls
 k - a scroll of remove curse {unknown}
 l - a scroll of amnesia {unknown}
 n - a scroll of random uselessness {unknown}
 o - 2 scrolls of noise {unknown}
Potions
 f - 3 potions of haste {unknown}
 g - a potion of flight {unknown}
 i - a potion of lignification {unknown}
Comestibles
 e - a ration
 m - 2 chunks of flesh


   Skills:
 + Level 6.6 Fighting
 + Level 1.1 Short Blades
 + Level 1.1 Long Blades
 + Level 4.6 Axes
 + Level 1.1 Maces & Flails
 + Level 1.1 Polearms
 + Level 1.1 Staves
 + Level 1.1 Slings
 + Level 1.1 Bows
 + Level 1.1 Crossbows
 + Level 1.1 Throwing
 + Level 6.6 Armour
 + Level 1.1 Dodging
 + Level 1.1 Stealth
 + Level 6.6 Shields
 + Level 1.1 Unarmed Combat
 + Level 1.1 Spellcasting
 + Level 0.8 Conjurations
 + Level 0.8 Hexes
 + Level 0.8 Charms
 + Level 0.8 Summonings
 + Level 0.8 Necromancy
 + Level 0.8 Translocations
 + Level 0.8 Transmutations
 + Level 0.8 Fire Magic
 + Level 0.8 Ice Magic
 + Level 0.8 Air Magic
 + Level 0.8 Earth Magic
 + Level 0.8 Poison Magic
 + Level 1.2 Invocations
 + Level 1.1 Evocations


You had 5 spell levels left.
You didn't know any spells.
Your spell library was empty.

Dungeon Overview and Level Annotations

Branches:
Dungeon (2/15)

Altars:
Ashenzari
Ru


Innate Abilities, Weirdness & Mutations

Your experience applies equally to all skills.
You have very sharp teeth.
Your uncanny sense of smell can sniff out nearby items.


Message History

No target in view!
No target in view!
No target in view!
No target in view!
No target in view!
No target in view!
No target in view!
No target in view!
No target in view!
n - a scroll labeled VIVOTUI EZEAW You now have 81 gold pieces (gained 17).
Key pressed, stopping explore.
o - 2 scrolls labeled VIMMUTS LIXU An orc, an orc priest and an orc wizard come into view.
The orc is wielding a trident of protection.
The orc priest shouts!
The orc wizard shouts!
There are monsters nearby!
Your shield and scale mail prevent you from hitting the orc priest.
You bite the orc priest.
The orc priest is lightly wounded.
The orc priest calls down the wrath of Beogh upon you.
Pain shoots through your body!
You take 10 damage, and have 19/29 hp.
MASSIVE DAMAGE!!
You hit the orc priest.
The orc priest is moderately wounded.
You block the orc priest's attack.
You closely miss the orc priest.
The orc priest is moderately wounded.
You closely miss the orc wizard.
The orc wizard hits you but does no damage.
The orc priest completely misses you. You block the orc's attack.
You closely miss the orc priest.
The orc priest is moderately wounded.
You hit the orc wizard.
The orc wizard hits you but does no damage.
The orc priest calls down the wrath of Beogh upon you.
Beogh smites you!
* * * LOW HITPOINT WARNING * * *
You block the orc's attack.
You take 11 damage, and have 9/29 hp.
MASSIVE DAMAGE!!
You hit the orc priest.
The orc priest is heavily wounded.
You closely miss the orc wizard. The orc wizard casts a spell at you.
The magic dart hits you!
* * * LOW HITPOINT WARNING * * *
You block the orc priest's attack. The orc closely misses you.
The orc wizard hits you but does no damage.
You take 2 damage, and have 7/29 hp.
You feel very mighty all of a sudden. You block the orc priest's attack.
The orc completely misses you. The orc wizard hits you with a dagger.
* * * LOW HITPOINT WARNING * * *
You take 4 damage, and have 3/29 hp.
Unknown command.
You slice the orc priest!!
You kill the orc priest!
Your Invocations skill increases to level 1!
You have reached level 3!
Your experience leads to an increase in your attributes!
Your base attributes are Str 18, Int 10, Dex 14.
Increase (S)trength, (I)ntelligence, or (D)exterity?
You feel clever.
Your shield prevents you from hitting the orc wizard.
The orc hits you but does no damage. The orc wizard closely misses you.
Unknown command.
You slash the orc wizard!
You kill the orc wizard!
Your Short Blades skill increases to level 1!
Your Long Blades skill increases to level 1!
Your Maces & Flails skill increases to level 1!
Your Polearms skill increases to level 1!
Your Staves skill increases to level 1!
Your Slings skill increases to level 1!
Your Bows skill increases to level 1!
Your Crossbows skill increases to level 1!
Your Throwing skill increases to level 1!
Your Dodging skill increases to level 1!
Your Stealth skill increases to level 1!
Your Unarmed Combat skill increases to level 1!
Your Spellcasting skill increases to level 1!
Your Evocations skill increases to level 1!
You have reached level 4!
You feel agile. The orc hits you but does no damage.
Unknown command.
Unknown command.
The orc hits you but does no damage.
Things that are here:
a dagger; a robe; an orc corpse You hit the orc.
The orc is severely wounded.
The orc closely misses you. You block the orc's attack.
You closely miss the orc. Your bite misses the orc.
The orc is severely wounded.
The orc closely misses you.
You closely miss the orc.
The orc is severely wounded.
The orc hits you with a trident of protection.
You die... .. █.█ █.█ █.█ █ █.█ █[█(█

█████.█.████[█
.......)@o...█ ∆
████.█.██████
█.█.█ ███
.██████.█.█ ...
........█.█
█.██████████.█.█
█..............█
█.█████.████████
██.█ █.█


You could see an orc.

Vanquished Creatures
  An orc priest (D:2)
  An orc wizard (D:2)
  2 leopard geckos
  5 goblins (D:1)
  A hobgoblin (D:1)
  A quokka (D:2)
  A ball python (D:1)
  A bat (D:1)
  A frilled lizard (D:1)
  4 rats
18 creatures vanquished.

Notes
Turn   | Place    | Note
-------+----------+-------------------------------------------
     0 | D:1      | Goblin1989 the Gnoll Fighter began the quest for the Orb.
     0 | D:1      | Reached XP level 1. HP: 23/23 MP: 1/1
   174 | D:1      | Reached XP level 2. HP: 29/29 MP: 2/2
   273 | D:1      | Found a shattered altar of Ashenzari.
   690 | D:2      | Found a sacrificial altar of Ru.
   774 | D:2      | Reached skill level 1 in Invocations
   774 | D:2      | Reached XP level 3. HP: 4/35 MP: 2/4
   775 | D:2      | Reached skill level 1 in Short Blades
   775 | D:2      | Reached skill level 1 in Long Blades
   775 | D:2      | Reached skill level 1 in Maces & Flails
   775 | D:2      | Reached skill level 1 in Polearms
   775 | D:2      | Reached skill level 1 in Staves
   775 | D:2      | Reached skill level 1 in Slings
   775 | D:2      | Reached skill level 1 in Bows
   775 | D:2      | Reached skill level 1 in Crossbows
   775 | D:2      | Reached skill level 1 in Throwing
   775 | D:2      | Reached skill level 1 in Dodging
   775 | D:2      | Reached skill level 1 in Stealth
   775 | D:2      | Reached skill level 1 in Unarmed Combat
   775 | D:2      | Reached skill level 1 in Spellcasting
   775 | D:2      | Reached skill level 1 in Evocations
   775 | D:2      | Reached XP level 4. HP: 4/41 MP: 2/5
   779 | D:2      | Slain by an orc

Skill      XL: |  1  2  3 |
---------------+----------+-----
Invocations    | 1 |  1.2
Short Blades   | 1 |  1.1
Long Blades    | 1 |  1.1
Maces & Flails | 1 |  1.1
Polearms       | 1 |  1.1
Staves         | 1 |  1.1
Slings         | 1 |  1.1
Bows           | 1 |  1.1
Crossbows      | 1 |  1.1
Throwing       | 1 |  1.1
Dodging        | 1 |  1.1
Stealth        | 1 |  1.1
Unarmed Combat | 1 |  1.1
Spellcasting   | 1 |  1.1
Evocations     | 1 |  1.1
Fighting       | |  6.6
Axes           | |  4.6
Armour         | |  6.6
Shields        | |  6.6
Conjurations   | |  0.8
Hexes          | |  0.8
Charms         | |  0.8
Summonings     | |  0.8
Necromancy     | |  0.8
Translocations | |  0.8
Transmutations | |  0.8
Fire Magic     | |  0.8
Ice Magic      | |  0.8
Air Magic      | |  0.8
Earth Magic    | |  0.8
Poison Magic   | |  0.8

Action                   |  1- 3 |  4- 6 || total
-------------------------+-------+-------++-------
Melee: War axe           |    41 |     3 ||    44
       Bite              |     3 |       ||     3
  Use: Potion            |     1 |       ||     1
Armor: Scale mail        |    19 |     2 ||    21
Dodge: Dodged            |     7 |     2 ||     9
Block: Shield            |    22 |     1 ||    23

Vault maps used:
D:1:      eino_arrival_cavern_a, ashenzari_altar_1
D:2:      nicolae_ru_path_of_blood, vehumet_crystals
